 Dungeon Crawl Stone Soup version 0.23-a0-756-g517b432 (webtiles) character file.

1846 nono the Skirmisher (level 9, -7/79 HPs)
             Began as a Ghoul Fighter on Jan 18, 2019.
             Was a Follower of Qazlal.
             Mangled by a hog (8 damage)
             ... on level 6 of the Dungeon.
             The game lasted 00:17:44 (5413 turns).

nono the Skirmisher (Ghoul Fighter)                 Turns: 5413, Time: 00:17:45

Health: -7/79      AC:  8    Str: 23      XL:     9   Next: 12%
Magic:  8/8        EV:  7    Int:  0 (3)  God:    Qazlal [*.....]
Gold:   334        SH: 17    Dex:  8      Spells: 8/8 levels left

rFire    . . .     SeeInvis .     - Unarmed
rCold    + + .     Gourm    .   m - +0 large shield
rNeg     + + +     Faith    .   y - +1 ring mail "Retyvut" {MR++}
rPois    ∞         Spirit   .   h - +0 helmet
rElec    .         Reflect  .   (no cloak)
rCorr    .         Harm     .   (no gloves)
MR       ++...                  (no boots)
Stlth    ..........             (no amulet)
HPRegen  0.00/turn              g - ring of wizardry
MPRegen  0.11/turn              i - ring of protection from cold

@: rotting, hasted and slowed, lost intelligence
A: rotting body, claws 1, carnivore, cold resistance 1, negative energy
resistance 3, inhibited regeneration, torment resistance, unbreathing
a: Renounce Religion


You were on level 6 of the Dungeon.
You worshipped Qazlal.
Qazlal was aware of your devotion.
You were not hungry.

You visited 2 branches of the dungeon, and saw 8 of its levels.

You collected 334 gold pieces.

Inventory:

Hand Weapons
 l - a +2 dagger of draining
Missiles
 z - 3 throwing nets (quivered)
Armour
 a - a +0 scale mail
 b - a +0 shield
 h - a +0 helmet (worn)
 m - a +0 large shield (worn)
 u - a +0 plate armour
 v - a +0 chain mail
 y - the +1 ring mail "Retyvut" (worn) {MR++}
   (You found it on level 5 of the Dungeon)

   It affects your resistance to hostile enchantments.
Jewellery
 c - an uncursed ring of protection from cold
 g - a ring of wizardry (left claw)
 i - a ring of protection from cold (right claw)
 A - an uncursed amulet of harm
Scrolls
 e - 3 scrolls of teleportation {unknown}
 k - a scroll of vulnerability {unknown}
 n - 2 scrolls of remove curse
 p - a scroll of fog {unknown}
 r - a scroll of immolation {unknown}
 s - a scroll of fear {unknown}
 t - a scroll of identify {unknown}
 x - a scroll of random uselessness {unknown}
Potions
 f - a potion of degeneration
 o - a potion of brilliance
Comestibles
 d - 10 rations


   Skills:
 + Level 7.0 Fighting
 + Level 5.9 Armour
 - Level 0.5 Dodging
 + Level 5.7 Shields
 + Level 6.8 Unarmed Combat


You had 8 spell levels left.
You didn't know any spells.
Your spell library was empty.

Dungeon Overview and Level Annotations

Branches:
Dungeon (7/15)             Temple (1/1) D:4

Altars:
Ashenzari
Cheibriados
Dithmenos
Elyvilon
Fedhas
Gozag
Hepliaklqana
Kikubaaqudgha
Makhleb
Nemelex Xobeh
Okawaru
Qazlal
Ru
Sif Muna
Trog
Uskayaw
Vehumet
Wu Jian
Xom
Yredelemnul
Zin
The Shining One

Shops:
D:6 %


Innate Abilities, Weirdness & Mutations

Your body is rotting away.
You thrive on raw meat.
You are immune to poison.
You have sharp fingernails.
You are carnivorous and can eat meat at any time.
Your flesh is cold resistant. (rC+)
You are immune to negative energy. (rN+++)
You do not regenerate when monsters are visible.
You are immune to unholy pain and torment.
You can survive without breathing.


Message History

Items here: % ) [ ÷ a +0 hand axe; a +0 animal skin; 3 chunks of flesh; a hog skeleton You block the hog's attack.
You block the hog's attack. You block the hog's attack.
There is an escape hatch in the ceiling here.
The hog barely misses you. You block the hog's attack.
A mysterious force pulls you upwards. The hatch slams shut behind you.
You claw the hog!
The hog is moderately wounded.
The hog bites you.
* * * LOW HITPOINT WARNING * * *
The hog bites you.
* * * LOW HITPOINT WARNING * * *
The hog bites you but does no damage.
You aren't carrying any items that you can evoke.
You feel yourself speed up. You block the hog's attack.
You block the hog's attack. The hog bites you!
You die...

##[......................#'###
####........................+∩'.#
##..........................#'#..
.................................
.................................
............................<....
................(.....(..........
................○................
................@h...............
.........>.......................
....#.#####.########...###.......
...##..##..## #...## ##......
..###.....## ##..## ###.... ..#
#.....# ##..## #.... ..###....##
##..## ##... ..÷.......## ##..##
##.. ...........####..## #..


You could see a hog.

Vanquished Creatures
  A human (D:7)
  2 hogs (D:7)
  A black bear (D:6)
  An ogre (D:4)
  3 bullfrogs (D:6)
  Blork the orc (D:6)
  A wyvern skeleton (D:7)
  2 howler monkeys
  2 crimson imps (D:6)
  A centaur zombie (D:7)
  A jelly (D:6)
  An orc priest (D:6)
  4 hounds
  3 orc wizards
  Jessica (D:2)
  10 worker ants
  An iguana (D:6)
  A killer bee zombie (D:6)
  7 adders
  3 shadow imps
  An ooze (D:5)
  3 worms
  A dart slug (D:3)
  2 leopard geckos
  15 orcs
  A giant cockroach (D:4)
  10 goblins
  11 hobgoblins
  7 jackals
  6 kobolds
  4 quokkas
  A ball python skeleton (D:4)
  6 bats
  6 frilled lizards
  A quokka skeleton (D:4)
  A quokka zombie (D:6)
  12 rats
135 creatures vanquished.

Notes
Turn   | Place    | Note
-------+----------+-------------------------------------------
     0 | D:1      | nono the Ghoul Fighter began the quest for the Orb.
     0 | D:1      | Reached XP level 1. HP: 19/19 MP: 0/0
   359 | D:1      | Reached XP level 2. HP: 23/26 MP: 1/1
   768 | D:2      | Found a burning altar of Makhleb.
   768 | D:2      | Found a glowing silver altar of Zin.
   771 | D:2      | Found a hazy altar of Hepliaklqana.
   774 | D:2      | Found a deep blue altar of Sif Muna.
   851 | D:2      | Reached XP level 3. HP: 23/33 MP: 2/2
  1093 | D:2      | Noticed Jessica
  1104 | D:2      | Killed Jessica
  1104 | D:2      | Reached XP level 4. HP: 30/40 MP: 3/3
  1438 | D:3      | Reached skill level 4 in Fighting
  1438 | D:3      | Reached XP level 5. HP: 20/46 MP: 4/4
  1488 | D:3      | Found a bloodstained altar of Trog.
  2056 | D:3      | Found a shattered altar of Ashenzari.
  2324 | D:4      | Reached XP level 6. HP: 52/52 MP: 5/5
  2413 | D:4      | Found a shimmering altar of Xom.
  2583 | D:4      | Found a staircase to the Ecumenical Temple.
  2634 | Temple   | Entered the Ecumenical Temple
  2718 | Temple   | Became a worshipper of Qazlal Stormbringer
  2819 | D:4      | Reached XP level 7. HP: 53/60 MP: 6/6
  2890 | D:4      | Reached skill level 5 in Fighting
  3158 | D:5      | Entered Level 5 of the Dungeon
  3241 | D:5      | Found a sparkling altar of Nemelex Xobeh.
  3277 | D:5      | Got an encrusted ring mail
  3288 | D:5      | Identified the +1 ring mail "Retyvut" {MR++} (You found it
                  | on level 5 of the Dungeon)
  3839 | D:6      | Reached skill level 5 in Unarmed Combat
  3850 | D:6      | Found Sesommy's Food Emporium.
  3866 | D:6      | Found an opulent altar of Gozag.
  3951 | D:6      | Reached XP level 8. HP: 54/70 MP: 7/7
  3982 | D:6      | Reached * piety under Qazlal
  4088 | D:6      | Reached skill level 6 in Fighting
  4088 | D:6      | Reached skill level 5 in Armour
  4190 | D:6      | Noticed Blork the orc
  4194 | D:6      | Lost intelligence.
  4217 | D:6      | Killed Blork the orc
  4217 | D:6      | Reached skill level 5 in Shields
  4257 | D:6      | Lost intelligence.
  5011 | D:7      | Found a hide-covered altar of Uskayaw.
  5362 | D:7      | Noticed a yak
  5380 | D:7      | Reached XP level 9. HP: 45/78 MP: 8/8
  5399 | D:7      | Reached skill level 7 in Fighting
  5408 | D:6      | HP: 3/79 [hog (6)]
  5408 | D:6      | HP: 1/79 [hog (2)]
  5413 | D:6      | Mangled by a hog

Vault maps used:
D:1:      nicolae_arrival_somewhat_less_tricky_arrival
D:2:      grunt_temple_overflow_cloverleaf, first_ration, uniq_jessica
D:3:      ashenzari_conservatory_becter, minmay_crystal_water, bloody_trog
D:4:      minmay_temple_entry_stoned_glass, tgw_xom
D:5:      nemelex_xobeh_ov_fountains_minmay
D:6:      serial_shops, nicolae_shop_behind_doors,
          nicolae_gozag_cash_rules_everything_around_me, uniq_blork_the_orc
D:7:      basic_altar, grunt_livestock, kennysheep_donut
Temple:   regret_index_temple_sphere_string

Skill      XL: |  1  2  3  4  5  6  7  8  9 |
---------------+----------------------------+-----
Armour         | 3 4 5 |  5.9
Shields        | 3 4 5 |  5.7
Unarmed Combat | 3 4 5 6 |  6.8
Fighting       | 4 5 6 7 |  7.0
Dodging        | |  0.5

Action                   |  1- 3 |  4- 6 |  7- 9 || total
-------------------------+-------+-------+-------++-------
Melee: Unarmed           |   144 |   193 |   304 ||   641
  Use: Potion            |       |     1 |    10 ||    11
       Scroll            |       |       |     2 ||     2
  Eat: Chunk             |     8 |    14 |    24 ||    46
Armor: Scale mail        |    49 |    73 |    13 ||   135
       Plate armour      |       |    11 |       ||    11
       Ring mail         |       |       |    78 ||    78
Dodge: Dodged            |    33 |    42 |    65 ||   140
Block: Shield            |    50 |    93 |    13 ||   156
       Large shield      |       |       |   241 ||   241

Table legend:
 A = Non-vault XP
 B = Vault XP
 C = Vault XP percentage of total XP
 D = Non-vault monster count
 E = Vault monster count
 F = Vault count percentage of total count
                 A         B        C        D         E       F
            +---------+---------+-------+---------+---------+-------
      Total |    1929 |     709 |  26.9 |     127 |       8 |   5.9
            +---------+---------+-------+---------+---------+-------
        D:1 |      16 |       0 |   0.0 |      12 |       0 |   0.0
        D:2 |      46 |      37 |  44.6 |      25 |       1 |   3.8
        D:3 |     177 |       0 |   0.0 |      38 |       0 |   0.0
        D:4 |     508 |       6 |   1.2 |      14 |       3 |  17.6
        D:5 |      18 |       0 |   0.0 |       2 |       0 |   0.0
        D:6 |     863 |      90 |   9.4 |      26 |       1 |   3.7
        D:7 |     301 |     576 |  65.7 |      10 |       3 |  23.1
            +---------+---------+-------+---------+---------+-------
